AoeStats
← Splujer

Black Forest

509434455Analyzed
4v4 RM · 5d ago on Sep 26, 2026· 70m 14s· 8 players
Game mode
Random Map
Map size
Large (8 player)
Population
200
Speed
Normal
Resources
Standard
Victory
Conquest
Starting age
Dark Age
Ending age
Imperial Age
RankedLock teamsTeams togetherTeam positionsShared explorationLock speedFull tech treeHidden civsTurbo modeCheats
Victory
Defeat
🇹🇷 Wu · Türkiye
673
+14
651
+15
🇫🇷 Huns · France
609
+17
🇫🇷 Danes · France
605
+17
🇨🇱 Bohemians · Chile
709
-18
🇨🇱 Byzantines · Chile
627
-16
🇧🇩 Romans · Bangladesh
621
-15
🇵🇪 Franks · Peru
580
-14
Longbowhemian Rhapsody
1:23 Loom
10:49 Feudal Age
12:03 Double-Bit Axe
13:02 Wheelbarrow
13:55 Horse Collar
14:58 Stone Mining
15:01 Gold Mining
21:14 Castle Age
21:11 Forging
21:03 Scale Mail Armor
22:34 Heavy Plow
27:35 Bow Saw
28:42 Hamask
30:31 Squires
30:17 Arson
31:13 Hand Cart
31:57 Gold Shaft Mining
32:03 Stone Shaft Mining
37:50 Imperial Age
35:35 Caravan
39:11 Conscription
38:13 Elite Jomsviking
38:18 Elite Varangian Guard
38:45 Gambesons
39:57 Iron Casting
39:38 Chain Mail Armor
39:15 Fletching
39:25 Padded Archer Armor
39:53 Pikeman
39:56 Man-at-Arms
44:14 Capped Ram
45:17 Ballistics
45:58 Chemistry
44:55 Murder Holes
46:23 Blast Furnace
45:54 Plate Mail Armor
44:47 Long Swordsman
44:49 Halberdier
47:54 Onager
47:55 Siege Ram
53:19 Siege Onager
56:20 Northmen's Fury
64:30 Two-Handed Swordsman
65:07 Bodkin Arrow
65:17 Scale Barding Armor
65:28 Leather Archer Armor
Splujer
0:33 Loom
16:43 Feudal Age
18:08 Double-Bit Axe
20:29 Horse Collar
20:45 Gold Mining
21:39 Stone Mining
21:46 Town Watch
23:41 Wheelbarrow
30:06 Castle Age
29:18 Fletching
29:39 Forging
29:36 Scale Barding Armor
31:07 Bow Saw
31:02 Heavy Plow
31:12 Caravan
31:43 Coinage
31:11 Bodkin Arrow
32:20 Gold Shaft Mining
33:07 Iron Casting
32:54 Chain Barding Armor
33:24 Hand Cart
34:47 Fervor
34:58 Sanctity
34:49 Town Patrol
34:59 Murder Holes
35:26 Marauders
38:59 Imperial Age
37:15 Padded Archer Armor
37:17 Scale Mail Armor
38:38 Ballistics
38:30 Masonry
39:15 Leather Archer Armor
39:15 Chain Mail Armor
41:04 Two-Man Saw
41:16 Chemistry
41:25 Blast Furnace
41:02 Plate Barding Armor
40:33 Bracer
41:54 Conscription
42:28 Elite Tarkan
43:58 Banking
43:38 Guilds
43:55 Bloodlines
43:45 Husbandry
44:14 Parthian Tactics
43:55 Thumb Ring
43:54 Squires
43:41 Arson
43:16 Pikeman
46:46 Capped Ram
49:21 Siege Ram
50:29 Cavalier
52:55 Halberdier
56:37 Paladin
60:32 Heavy Cavalry Archer
66:44 Atheism
birtanonline
0:42 Loom
13:35 Feudal Age
14:17 Town Watch
15:37 Double-Bit Axe
16:46 Wheelbarrow
16:15 Stone Mining
16:32 Gold Mining
23:10 Castle Age
23:30 Fletching
23:40 Padded Archer Armor
24:12 Bow Saw
24:42 Stone Shaft Mining
24:45 Gold Shaft Mining
24:42 Bodkin Arrow
26:15 Leather Archer Armor
25:47 Horse Collar
26:28 Heavy Plow
27:56 Caravan
29:09 Hand Cart
30:17 Town Patrol
35:38 Imperial Age
33:43 Masonry
33:17 Treadmill Crane
33:33 Murder Holes
34:43 Masonry
35:01 Red Cliffs Tactics
36:16 Ballistics
37:03 Conscription
36:56 Guilds
38:24 Two-Man Saw
38:03 Architecture
38:21 Sitting Tiger
39:49 Chemistry
39:08 Bracer
39:58 Elite Fire Archer
53:44 Forging
53:34 Scale Mail Armor
53:40 Scale Barding Armor
57:04 Iron Casting
56:44 Chain Mail Armor
56:49 Chain Barding Armor
61:33 Blast Furnace
61:03 Plate Mail Armor
61:08 Plate Barding Armor
62:52 Husbandry
63:02 Bloodlines
62:12 Heavy Hei Guang Cavalry
All Along the Watchtower
0:27 Loom
13:56 Feudal Age
15:16 Wheelbarrow
15:38 Double-Bit Axe
19:29 Horse Collar
20:54 Gold Mining
26:15 Castle Age
24:54 Stone Mining
27:16 Hand Cart
27:13 Bow Saw
27:25 Heavy Plow
28:04 Gold Shaft Mining
28:20 Stone Shaft Mining
31:34 Caravan
35:42 Elite Skirmisher
37:58 Murder Holes
40:59 Imperial Age
39:04 Pikeman
40:32 Fortified Wall
41:21 Squires
43:11 Two-Man Saw
43:34 Town Watch
43:26 Elite Fire Lancer
43:27 Halberdier
43:35 Heavy Rocket Cart
45:28 Ballistics
46:09 Chemistry
45:31 Forging
45:22 Scale Mail Armor
45:27 Scale Barding Armor
45:14 Fletching
45:56 Capped Ram
46:28 Arson
48:56 Town Patrol
52:45 Chain Mail Armor
52:26 Bodkin Arrow
55:47 Iron Casting
55:43 Plate Mail Armor
55:08 Bodkin Arrow
58:33 Chain Barding Armor
58:14 Bracer
58:23 Siege Engineers
58:04 Arrowslits
58:32 Masonry
58:03 Treadmill Crane
59:58 Conscription
59:59 Shinkichon
59:40 Eupseong
61:11 Elite War Wagon
67:29 Devotion
MHR.MK
13:47 Feudal Age
16:08 Double-Bit Axe
24:48 Castle Age
27:33 Wheelbarrow
27:00 Gold Mining
28:51 Stone Mining
34:41 Squires
34:01 Pikeman
43:26 Scale Barding Armor
43:22 Scale Mail Armor
43:32 Forging
46:22 Husbandry
46:47 Chain Barding Armor
50:34 Bow Saw
53:38 Squires
53:24 Arson
53:00 Pikeman
53:12 Elite Skirmisher
54:58 Light Cavalry
K9EIN࿐DADDY
17:19 Feudal Age
19:14 Wheelbarrow
18:29 Horse Collar
18:36 Double-Bit Axe
18:42 Gold Mining
18:43 Stone Mining
21:22 Castle Age
20:22 Padded Archer Armor
20:27 Scale Barding Armor
24:44 Hand Cart
24:47 Bow Saw
24:42 Heavy Plow
32:16 Imperial Age
32:50 Ballistas
34:00 Chemistry
33:25 Leather Archer Armor
33:31 Chain Barding Armor
35:15 Elite Centurion
36:31 Ring Archer Armor
36:39 Plate Barding Armor
36:31 Heavy Scorpion
39:28 Comitatenses
39:47 Scale Mail Armor
40:02 Siege Engineers
43:29 Crop Rotation
43:48 Bloodlines
43:39 Husbandry
44:22 Caravan
44:54 Coinage
44:25 Man-at-Arms
44:26 Pikeman
45:07 Squires
45:27 Forging
45:33 Chain Mail Armor
45:09 Fletching
47:17 Capped Ram
50:45 Long Swordsman
53:21 Legionary
57:48 Onager
59:00 Bodkin Arrow
59:40 Iron Casting
Jacobzl
14:57 Feudal Age
17:06 Horse Collar
25:49 Castle Age
29:34 Caravan
31:21 Heavy Plow
35:45 Imperial Age
33:15 Fletching
35:24 Light Cavalry
36:05 Husbandry
37:35 Scale Mail Armor
37:41 Scale Barding Armor
37:48 Forging
37:48 Hussar
39:31 Wheelbarrow
41:02 Chemistry
40:10 Pikeman
40:50 Squires
40:35 Arson
40:50 Heavy Camel Rider
41:53 Hand Cart
42:45 Fortified Wall
44:49 Chain Mail Armor
44:55 Chain Barding Armor
45:33 Elite Skirmisher
50:47 Iron Casting
50:43 Plate Mail Armor
50:13 Padded Archer Armor
50:08 Bodkin Arrow
50:36 Chain Barding Armor
BonzerJaguar158
12:48 Feudal Age
11:04 Loom
17:31 Castle Age
18:44 Double-Bit Axe
18:46 Horse Collar
20:37 Wheelbarrow
24:40 Heavy Plow
25:03 Bow Saw
28:32 Chemistry
27:54 Ballistics
30:28 Masonry
32:53 Imperial Age
30:42 Hand Cart
31:50 Town Watch
32:09 Murder Holes
32:25 Fortified Wall
33:26 Husbandry
32:49 Pikeman
34:48 Two-Man Saw
34:03 Town Patrol
34:12 Siege Engineers
34:38 Architecture
34:25 Forging
34:16 Scale Mail Armor
34:22 Scale Barding Armor
34:18 Padded Archer Armor
34:09 Fletching
36:46 Halberdier
37:27 Squires
37:12 Arson
38:03 Elite Skirmisher
38:03 Crossbowman
39:25 Houfnice
43:48 Cavalier
53:24 Chain Mail Armor
53:44 Iron Casting
53:05 Bodkin Arrow
53:26 Leather Archer Armor
53:31 Chain Barding Armor
Connection lost

Rejoining the realm…

Still unreachable

The connection could not be restored.

Session expired

The server has moved on; the page needs a fresh start.